 Dungeon Crawl Stone Soup version 0.18-b1-10-g3f7de93 (webtiles) character file.

39 Sand the Sneak (level 3, -2/37 HPs)
             Began as an Ogre Assassin on Apr 29, 2016.
             Was an Initiate of Pakellas.
             Killed from afar by an orc wizard (5 damage)
             ... with a magic dart
             ... on level 2 of the Dungeon.
             The game lasted 00:11:01 (1755 turns).

Sand the Sneak (Ogre Assassin)                      Turns: 1755, Time: 00:11:01

Health: -2/37      AC:  4    Str: 16    XL:     3   Next: 47%
Magic:  3/3        EV:  9    Int: 10    God:    Pakellas [......]
Gold:   125        SH:  0    Dex: 12    Spells: 0 memorised, 2 levels left

rFire  . . .     SeeInvis .     a - +0 mace
rCold  . . .     Gourm    .     c - +0 robe
rNeg   . . .     Faith    .     (no shield)
rPois  .         Spirit   .     (helmet restricted)
rElec  .         Dismiss  .     d - +0 cloak
rCorr  .         Reflect  .     (gloves unavailable)
SustAt .         Harm     .     (boots unavailable)
MR     .....                    (no amulet)
Stlth  ++........               (no ring)
                                (no ring)

@: flying, not resistant to hostile enchantments, unstealthy
A: unfitting armour, tough skin 1
a: Renounce Religion


You were on level 2 of the Dungeon.
You worshipped Pakellas.
Pakellas was noncommittal.
You were not hungry.

You visited 1 branch of the dungeon, and saw 2 of its levels.

You collected 125 gold pieces.

Inventory:

Hand Weapons
 a - a +0 mace (weapon)
 b - a +0 blowgun
 q - a +0 club
 y - a +2 dagger
Missiles
 e - 8 poisoned needles
 f - 2 curare-tipped needles
 n - 44 sling bullets
 o - 123 stones
 x - 2 javelins of penetration
 B - 2 tomahawks (quivered)
Armour
 c - a +0 robe (worn)
 d - a +0 cloak (worn)
Scrolls
 j - a scroll of recharging {unknown}
 k - 4 scrolls of noise {unknown}
 m - a scroll of amnesia {unknown}
 s - a scroll of teleportation {unknown}
 t - 2 scrolls of blinking {unknown}
 w - a scroll of remove curse {unknown}
 A - a scroll of magic mapping {unknown}
Potions
 h - a potion of flight
 i - a potion of haste {unknown}
 l - a potion of ambrosia {unknown}
 p - a potion of mutation {unknown}
 r - a potion of berserk rage {unknown}
 u - a potion of might {unknown}
 z - a potion of curing {unknown}
Comestibles
 g - a bread ration
 v - 2 meat rations


   Skills:
 + Level 3.2 Fighting
 - Level 1.2 Short Blades
 + Level 2.1 Maces & Flails
 + Level 2.9 Throwing
 - Level 0.8 Dodging
 - Level 3.2 Stealth


You had 2 spell levels left.
You didn't know any spells.

Dungeon Overview and Level Annotations

Branches:
Dungeon (2/15)

Altars:
Pakellas


Innate Abilities, Weirdness & Mutations

You are too large for most types of armour.
You have tough skin (AC +1).


Message History

The orc wizard is almost dead.
The orc wizard hits you but does no damage.
The orc wizard gestures at you while chanting.
The puff of flame hits you!
* * * LOW HITPOINT WARNING * * *
The orc wizard mumbles some strange words.
The orc wizard blinks!
Drink which item? (? for menu, Esc to quit)
It was a potion of flight.
You feel very buoyant.
You fly up into the air.
The orc wizard hits you but does no damage.
The orc wizard casts a spell.
The orc wizard blinks!
The orc wizard hits you but does no damage.
An orc comes into view.
The orc wizard casts a spell at you. The magic dart hits you!
You die...
Pakellas says: Time to find a new assistant...

##.#### ##...## ###.### #.####
##...[.## #.[...# #.##.##
##.o.....## #.###.#
##.#...####.........###. #.#
..........'....ยง....+...###.#
##.#...####.........###.....#
#>...## ##.....oo####.#.###
#...## ##.....#.........#
#...# ##..@##.###o###.# ##.##
##+###.# #.>...# #.# #.# #.#
####..# #.# ### #.###.####
#..# ###.####
##<###........###..#
.......###...#...#..........#
.##.##.##.........###..###.##
.##..............## ##.....#
.#####.##.....#..# #.#####


You could see 2 orc wizards and an orc.

Vanquished Creatures
  A worm (D:2)
  2 dart slugs
  A giant gecko (D:1)
  A giant cockroach (D:1)
  3 goblins
  7 hobgoblins
  3 jackals (D:2)
  A kobold (D:1)
  3 bats
  3 giant newts
  4 rats
29 creatures vanquished.

Notes
Turn   | Place    | Note
--------------------------------------------------------------
     0 | D:1      | Sand the Ogre Assassin began the quest for the Orb.
     0 | D:1      | Reached XP level 1. HP: 22/22 MP: 1/1
   256 | D:1      | Reached XP level 2. HP: 31/31 MP: 2/2
   371 | D:1      | Reached skill level 1 in Maces & Flails
   721 | D:1      | Reached XP level 3. HP: 33/37 MP: 3/3
  1002 | D:2      | Found an oddly glowing altar of Pakellas.
  1010 | D:2      | Became a worshipper of Pakellas the Inventive
  1755 | D:2      | Killed from afar by an orc wizard

Skill      XL: |  1  2  3 |
---------------+----------+-----
Fighting       | 3 |  3.2
Maces & Flails | 1 2 |  2.1
Short Blades   | |  1.2
Throwing       | |  2.9
Dodging        | |  0.8
Stealth        | |  3.2

Action                   || total
-------------------------++-------
Melee: Dagger            ||    62
       Mace              ||    21
Throw: Stone             ||    58
       Tomahawk          ||     6
       Javelin           ||     1
  Use: Potion            ||     1
  Eat: Chunk             ||     3
Armor: Robe              ||    16
Dodge: Dodged            ||    30
